 Seeded DCSS version 0.31-a0-507-gbafd7f5274 (webtiles) character file.

Game seed: 11267003436938285035 (custom seed)

106 innerfire43 the Insei (level 4, 0/34 HPs)
             Began as a Gnoll Shapeshifter on Aug 9, 2023.
             Slain by an orc
             ... wielding a +0 war axe
              (11 damage)
             ... on level 3 of the Dungeon.
             The game lasted 00:01:17 (1530 turns).

innerfire43 the Insei (Gnoll Shapeshifter)          Turns: 1530, Time: 00:01:18

Health: 0/34       AC:  2    Str: 14    XL:     4   Next: 84%
Magic:  5/5        EV: 14    Int:  8    God:
Gold:   78         SH:  0    Dex: 14    Spells: 5/5 levels left

rFire   . .          .
                       - Unarmed
rCold   . . .        (no shield)
rNeg    . . .        a - +0 animal skin
rPois   .            (helmet currently unavailable)
rElec   .            (cloak currently unavailable)
rCorr   .            (gloves currently unavailable)
SInv    .            (boots currently unavailable)
Will    .....        (no amulet)
Stlth   ++           (no ring)
HPRegen 0.25/turn    (no ring)
MPRegen 0.09/turn

%: no passive effects
@: beast-form
A: beast (slay +4), fangs 1, strong nose, distributed training
a: Begin Untransformation


You were on level 3 of the Dungeon.
You were a hulking beast.
You visited 1 branch of the dungeon, and saw 3 of its levels.

You collected 78 gold pieces.

Inventory:

Armour
 a - a +0 animal skin (worn)
Jewellery
 e - a +4 ring of protection
 h - an amulet of the acrobat
Talismans
 c - a beast talisman (active)
 d - a flux talisman
Scrolls
 g - a scroll of torment {unknown}
 i - 4 scrolls of enchant armour {unknown}
 l - a scroll of enchant weapon {unknown}
 n - a scroll of amnesia {unknown}
 o - 2 scrolls of blinking {unknown}
 p - a scroll of teleportation {unknown}
 r - 2 scrolls of identify {unknown}
Potions
 b - a potion of lignification
 f - 2 potions of brilliance {unknown}
 j - a potion of invisibility {unknown}
 k - a potion of curing {unknown}
 m - a potion of heal wounds {unknown}
 q - a potion of enlightenment {unknown}
 s - a potion of attraction {unknown}


   Skills:
 + Level 2.8 Fighting
 + Level 1.2 Short Blades
 + Level 1.2 Long Blades
 + Level 1.2 Axes
 + Level 1.2 Maces & Flails
 + Level 1.2 Polearms
 + Level 1.2 Staves
 + Level 1.2 Ranged Weapons
 + Level 1.2 Throwing
 + Level 1.2 Armour
 + Level 4.7 Dodging
 + Level 1.2 Stealth
 + Level 1.2 Shields
 + Level 6.6 Unarmed Combat
 + Level 1.2 Spellcasting
 + Level 1.0 Conjurations
 + Level 1.0 Hexes
 + Level 1.0 Summonings
 + Level 1.0 Necromancy
 + Level 1.0 Translocations
 + Level 1.0 Transmutations
 + Level 1.0 Fire Magic
 + Level 1.0 Ice Magic
 + Level 1.0 Air Magic
 + Level 1.0 Earth Magic
 + Level 1.0 Poison Magic
 + Level 1.4 Invocations
 + Level 1.2 Evocations
 + Level 6.5 Shapeshifting


You had 5 spell levels left.
You didn't know any spells.
Your spell library contained the following spells:

 Spells                   Type           Power      Damage    Failure   Level
 Apportation              Tloc           4%         N/A       26%         1
 Alistair's Intoxication  Tmut/Pois      1%         N/A       100%        5


Dungeon Overview and Level Annotations

Branches:
Dungeon (3/15)

Altars:


Innate Abilities, Weirdness & Mutations

You are a hulking beast.
Your limbs bulge with bestial killing power. (Slay +4)
You have very sharp teeth.
Your uncanny sense of smell can sniff out nearby items.
Your experience applies equally to all skills.


Message History

The orc is heavily wounded.
The orc hits you with a +0 war axe!
You punch the orc!
You kill the orc!
Unknown command.
You punch the orc!
You kill the orc!
Unknown command.
Items here: )))) [[[ ††.
A giant cockroach comes into view.
The giant cockroach closely misses you.
The giant cockroach bites you but does no damage.
You hit the giant cockroach but do no damage.
The giant cockroach bites you but does no damage.
You punch the giant cockroach!
You kill the giant cockroach!
An orc priest comes into view. It is wielding a +0 hand axe.
An orc priest is nearby!
An orc comes into view. It is wielding a +0 whip.
Found a scroll labelled XETHIM JUIGOCK.
The orc priest shouts!
You hear a shout! x2
An orc comes into view. It is wielding a +0 dagger.
The orc priest casts a cantrip, but nothing happens.
The orc shouts!
There are monsters nearby!
An orc comes into view. It is wielding a +0 club.
An orc comes into view. It is wielding a +0 war axe.
The orc moves out of view.
There are monsters nearby!
Found 3 scrolls labelled XETHIM JUIGOCK.
The orc priest invokes the aid of Beogh against you.
Beogh smites you!
An orc comes into view. It is wielding a +0 dagger.
The orc shouts!
There are monsters nearby!
The orc shouts!
The orc attacks as you move away! The orc hits you with a +0 war axe!
* * * LOW HITPOINT WARNING * * *
The orc attacks as you move away! The orc hits you with a +0 war axe!
You die...

##...## #.###.########
#.# #........# #
#.###.######.# # #
####...#######.# #.#
###..............# ..
.##.###.#######..##.####
.##)# #............?...#
.##)###.#######.h##.##.
.#...# .# #oo# #
#..#....# #oo# .#...####
o.... ###### ........
...o.....# #.........#
.....?....# .#..........


You could see an orc priest and 5 orcs.

Vanquished Creatures
  An orc wizard (D:3)
  2 adders
  A worm (D:2)
  2 dart slugs (D:1)
  5 orcs (D:3)
  3 ball pythons
  3 bats
  6 endoplasms
  3 giant cockroaches
  2 goblins
  6 hobgoblins
  2 jackals (D:1)
  2 kobolds (D:2)
  2 quokkas
  2 frilled lizards
  3 rats
45 creatures vanquished.

Notes
Turn   | Place    | Note
-------+----------+-------------------------------------------
     0 | D:1      | innerfire43 the Gnoll Shapeshifter began the quest for the
                  | Orb.
     0 | D:1      | Reached XP level 1. HP: 17/17 MP: 1/1
    40 | D:1      | Reached XP level 2. HP: 18/23 MP: 2/2
   262 | D:1      | Reached XP level 3. HP: 28/28 MP: 3/3
   730 | D:2      | Reached skill level 1 in Invocations
   886 | D:2      | Reached skill level 1 in Short Blades
   886 | D:2      | Reached skill level 1 in Long Blades
   886 | D:2      | Reached skill level 1 in Axes
   886 | D:2      | Reached skill level 1 in Maces & Flails
   886 | D:2      | Reached skill level 1 in Polearms
   886 | D:2      | Reached skill level 1 in Staves
   886 | D:2      | Reached skill level 1 in Ranged Weapons
   886 | D:2      | Reached skill level 1 in Throwing
   886 | D:2      | Reached skill level 1 in Armour
   886 | D:2      | Reached skill level 1 in Stealth
   886 | D:2      | Reached skill level 1 in Shields
   886 | D:2      | Reached skill level 1 in Spellcasting
   886 | D:2      | Reached skill level 1 in Evocations
  1318 | D:3      | Reached XP level 4. HP: 34/34 MP: 5/5
  1433 | D:3      | Reached skill level 1 in Conjurations
  1433 | D:3      | Reached skill level 1 in Hexes
  1433 | D:3      | Reached skill level 1 in Summonings
  1433 | D:3      | Reached skill level 1 in Necromancy
  1433 | D:3      | Reached skill level 1 in Translocations
  1433 | D:3      | Reached skill level 1 in Transmutations
  1433 | D:3      | Reached skill level 1 in Fire Magic
  1433 | D:3      | Reached skill level 1 in Ice Magic
  1433 | D:3      | Reached skill level 1 in Air Magic
  1433 | D:3      | Reached skill level 1 in Earth Magic
  1433 | D:3      | Reached skill level 1 in Poison Magic
  1530 | D:3      | Slain by an orc

Illustrated notes

Levels and vault maps discovered:
D:1:      reono_arrival_mine, layout_rooms, serial_bayou_lagoon_b
D:2:      layout_basic
D:3:      layout_loops_ring

Skill      XL: |  1  2  3  4 |
---------------+-------------+-----
Invocations    | 1 |  1.4
Short Blades   | 1 |  1.2
Long Blades    | 1 |  1.2
Axes           | 1 |  1.2
Maces & Flails | 1 |  1.2
Polearms       | 1 |  1.2
Staves         | 1 |  1.2
Ranged Weapons | 1 |  1.2
Throwing       | 1 |  1.2
Armour         | 1 |  1.2
Stealth        | 1 |  1.2
Shields        | 1 |  1.2
Spellcasting   | 1 |  1.2
Evocations     | 1 |  1.2
Conjurations   | 1 |  1.0
Hexes          | 1 |  1.0
Summonings     | 1 |  1.0
Necromancy     | 1 |  1.0
Translocations | 1 |  1.0
Transmutations | 1 |  1.0
Fire Magic     | 1 |  1.0
Ice Magic      | 1 |  1.0
Air Magic      | 1 |  1.0
Earth Magic    | 1 |  1.0
Poison Magic   | 1 |  1.0
Fighting       | |  2.8
Dodging        | |  4.7
Unarmed Combat | |  6.6
Shapeshifting  | |  6.5

Action                     |  1- 3 |  4- 6 || total
---------------------------+-------+-------++-------
  Melee: Unarmed           |    63 |    30 ||    93
         Bite              |     3 |     1 ||     4
         Punch             |     3 |     1 ||     4
   Stab: Sleeping          |     1 |     1 ||     2
 Armour: Animal skin       |    10 |     4 ||    14
  Dodge: Dodged            |    34 |    14 ||    48

Table legend: (Time is in decaauts)
 A = Elapsed time spent in this place.
 B = Non-inter-level travel time spent in this place.
 C = Inter-level travel time spent in this place.
 D = Time resting spent in this place.
 E = Time spent auto-exploring this place.
 F = Levels seen in this place.
 G = Mean time per level.
                   A        B        C        D        E       F      G
               +--------+--------+--------+--------+--------+-----+--------+
         Total |   1533 |   1467 |     66 |      0 |   1207 |   3 |  511.0 |
       Dungeon |   1533 |   1467 |     66 |      0 |   1207 |   3 |  511.0 |
               +--------+--------+--------+--------+--------+-----+--------+

Top non-repeatable levels by time:
     D:2: 718 daAuts
     D:1: 539 daAuts
     D:3: 275 daAuts
